Map: Acropolis LE

Players

Astrea - Winner!

  • Race: Protoss Protoss
  • Spawn Location: 5:00

SKillous

  • Race: Protoss Protoss
  • Spawn Location: 11:00

VOD

Have the link to the VOD?

Description

Time

  • Played on: Sept. 6, 2019, 1:05 p.m.
  • Length: 10:33
Show
View Real Time Build Order
Export as new Build Order

Astrea Protoss - Winner!

Build Orders: Phoenix Opening, Zealot Archon 

Get SALT Encoding   

  12  0:00  Probe  
  13  0:12  Probe  
  14  0:17  Pylon  
  14  0:23  Probe  
  15  0:31  Probe  
  16  0:38  Gateway  
  16  0:39  Probe  
  16  0:46  Assimilator  
  17  0:51  Probe  
  17  0:54  Assimilator  
  18  0:59  Probe  
  19  1:07  Gateway, Probe  
  19  1:17  Probe  
  20  1:25  Cybernetics Core  
  21  1:29  Probe  
  22  1:35  Pylon  
  22  1:41  Probe  
  23  1:51  Warp Gate  
  23  1:53  Probe  
  24  2:02  Sentry, Stalker  
  24  2:06  Probe  
  29  2:12  Pylon  
  29  2:18  Probe  
  30  2:24  Pylon  
  30  2:32  Probe, Sentry  
  30  2:36  Phoenix  
  35  2:44  Probe  
  35  2:50  Nexus  
  34  2:56  Probe  
  35  3:00  Pylon  
  35  3:04  Sentry  
  37  3:08  Probe  
  37  3:19  Probe  
  37  3:21  Robotics Facility  
  38  3:28  Probe  
  39  3:36  Probe  
  39  3:40  Stalker x2  
  44  3:47  Probe  
  45  3:58  Warp Prism  
  45  3:59  Probe  
  45  4:02  Probe  
  47  4:07  Adept x2  
  51  4:12  Probe  
  51  4:15  Probe  
  55  4:24  Probe  
  56  4:28  Probe  
  56  4:30  Immortal, Pylon  
  57  4:36  Probe  
  62  4:38  Pylon  
  62  4:48  Probe x2  
  64  4:54  Adept x2  
  68  5:00  Probe  
  68  5:06  Immortal  
  69  5:08  Probe  
  70  5:16  Probe  
  70  5:17  Assimilator  
  70  5:19  Assimilator  
  70  5:20  Probe  
  76  5:28  Probe  
  75  5:30  Forge  
  75  5:32  Probe  
  75  5:33  Twilight Council  
  76  5:35  Pylon  
  76  5:40  Pylon  
  76  5:44  Observer  
  77  5:55  Gateway  
  77  5:56  Gateway  
  77  5:57  Protoss Ground Weapons Level 1  
  77  6:00  Gateway  
  77  6:02  Gateway  
  77  6:07  Charge  
  77  6:14  Templar Archives  
  73  6:20  Gateway  
  73  6:22  Zealot x2  
  73  6:23  Gateway  
  75  6:36  Pylon  
  75  6:38  Pylon  
  75  6:56  Zealot x5  
  75  6:59  Zealot  
  75  7:01  Nexus  
  87  7:06  Pylon  
  87  7:10  Probe x2  
  89  7:22  Probe  
  90  7:26  High Templar x6  
  90  7:29  Pylon, Zealot x2  
  106  7:30  Archon x3  
  106  7:31  Protoss Ground Weapons Level 2  
  106  7:34  Probe x2  
  104  7:38  Zealot x2  
  108  7:45  Pylon  
  108  7:46  Pylon, Probe x2  
  108  7:49  Observer  
  110  7:58  High Templar x2  
  110  7:59  Zealot x6  
  110  8:02  Archon  
  126  8:07  Probe x2  
  128  8:20  Probe x2, Robotics Bay  
  126  8:33  Assimilator  
  126  8:35  Zealot x5, Assimilator  
  126  8:37  Probe  
  126  8:38  Shield Battery  
  126  8:40  Shield Battery  
  126  8:41  Shield Battery  
  137  8:49  Zealot, High Templar x2  
  141  8:55  Shield Battery  
  141  8:56  Archon  
  141  8:57  Photon Cannon  
  141  9:02  Disruptor  
  144  9:10  Stalker x3  
  144  9:14  Stalker  
  144  9:15  Stalker  
  154  9:20  Zealot  
  153  9:24  Probe x3  
  155  9:36  Disruptor  
  155  9:41  Pylon  
  155  9:43  Pylon  
  155  9:44  Pylon x2  
  156  10:00  Zealot x4  
  155  10:13  Zealot x4  
  154  10:22  Zealot x4  
Show
View Real Time Build Order
Export as new Build Order

SKillous Protoss 

Build Orders: Zealot Archon 

Get SALT Encoding   

  12  0:01  Probe  
  13  0:13  Probe  
  14  0:17  Pylon  
  14  0:25  Probe  
  15  0:33  Probe  
  15  0:36  Gateway  
  15  0:41  Probe  
  16  0:46  Assimilator  
  17  0:51  Probe  
  17  0:55  Assimilator  
  18  0:59  Probe  
  19  1:07  Gateway, Probe  
  19  1:17  Probe  
  20  1:24  Cybernetics Core  
  21  1:30  Probe  
  22  1:34  Pylon  
  22  1:42  Probe  
  23  1:51  Warp Gate  
  23  1:54  Probe  
  24  2:01  Sentry, Stalker  
  28  2:10  Pylon  
  27  2:31  Stalker  
  27  2:35  Sentry  
  31  2:43  Nexus  
  31  2:45  Probe  
  32  2:57  Probe  
  33  3:01  Pylon  
  33  3:09  Probe  
  34  3:13  Robotics Facility  
  34  3:17  Probe  
  34  3:25  Probe  
  35  3:28  Shield Battery  
  36  3:35  Probe  
  37  3:45  Stalker x2  
  37  3:47  Probe  
  42  3:50  Forge  
  42  3:52  Probe  
  42  4:00  Probe x2  
  44  4:03  Observer  
  44  4:07  Protoss Ground Weapons Level 1  
  44  4:08  Probe  
  46  4:12  Probe  
  46  4:16  Probe  
  48  4:17  Pylon  
  48  4:20  Stalker  
  48  4:24  Probe  
  52  4:25  Probe  
  53  4:36  Probe  
  53  4:37  Probe  
  55  4:40  Immortal  
  59  4:48  Probe  
  59  4:49  Probe  
  59  4:51  Assimilator  
  61  4:55  Assimilator  
  61  5:00  Probe  
  61  5:01  Probe  
  61  5:02  Twilight Council  
  63  5:12  Probe  
  63  5:13  Probe  
  63  5:14  Immortal, Stalker x2  
  67  5:39  Gateway  
  67  5:40  Gateway, Pylon, Charge  
  67  5:47  Protoss Ground Armor Level 1  
  67  5:48  Stalker  
  69  5:55  Gateway  
  69  5:57  Warp Prism, Gateway  
  69  6:03  Pylon  
  71  6:07  Probe  
  67  6:12  Zealot x2  
  67  6:13  Probe  
  70  6:19  Probe  
  71  6:29  Templar Archives  
  71  6:30  Pylon  
  71  6:35  Gateway  
  71  6:36  Gateway  
  71  6:46  Pylon  
  71  6:53  Pylon x2  
  69  7:00  Pylon, Probe x2  
  71  7:10  High Templar x2  
  71  7:12  Probe  
  71  7:13  Probe  
  71  7:15  Archon  
  75  7:30  High Templar x2  
  75  7:31  High Templar x2  
  75  7:32  Zealot x2  
  75  7:34  Archon  
  75  7:35  Pylon, Archon  
  87  7:41  Shield Battery  
  87  7:42  Pylon  
  87  7:45  Zealot x2  
  87  7:50  Nexus  
  91  7:54  Pylon  
  91  7:56  High Templar x2  
  95  8:01  Archon  
  95  8:08  Zealot x4  
  95  8:10  Zealot  
  95  8:11  Zealot  
  105  8:30  Zealot x3, High Templar x2  
  105  8:31  Zealot x2  
  105  8:33  Zealot  
  121  8:34  Archon  
  121  8:57  Probe x2  
  121  9:00  Pylon  
  123  9:13  Warp Prism  
  123  9:21  High Templar x2  
  123  9:22  High Templar x2  
  123  9:23  Zealot x4  
  127  9:25  Probe x2  
  127  9:26  Probe  
  127  9:27  Archon x2  
  126  9:37  Gateway x2, Probe  
  127  9:40  Zealot x2  
  127  9:44  Pylon  
  125  10:10  Zealot x8  
Tags
 
Add a new tag
Caveats
  • Supply blocks, unpowered buildings, or Contaminate may cause inaccurate times.
  • Supply counts are checked every 10 seconds.